 Dungeon Crawl Stone Soup version 0.27.1 (webtiles) character file.

Game seed: 3121016906749840576

3548 funkygono the Arsonist (level 10, 0/52 HPs)
             Began as a Gargoyle Fire Elementalist on Aug 28, 2021.
             Killed by divine providence
             ... invoked by a meliai
              (14 damage)
             ... on level 8 of the Dungeon on Aug 29, 2021.
             The game lasted 00:19:15 (9030 turns).

funkygono the Arsonist (Gargoyle Fire Elementalist) Turns: 9030, Time: 00:19:15

Health: 0/52       AC: 20    Str: 19    XL:     10   Next: 9%
Magic:  12/21      EV: 12    Int: 23    God:
Gold:   430        SH:  5    Dex: 16    Spells: 11/24 levels left

rFire    . . .     SeeInvis .   x - +2 whip (drain)
rCold    x . .     Faith    .   (no shield)
rNeg     + . .     Spirit   .   r - +3 leather armour "Gaxoaseg" {+Inv rC- Str+7 Int+4}
rPois    ∞         Reflect  +   o - +0 helmet
rElec    +         Harm     .   m - +2 cloak
rCorr    .         Rampage  .   i - +1 pair of gloves
Will     .....                  (no boots)
Stlth    ++........             B - amulet of reflection
HPRegen  0.17/turn              q - +6 ring of dexterity
MPRegen  0.17/turn              (no ring)

@: no status effects
A: sickness immunity, AC +7, negative energy resistance 1, electricity
resistance, torment resistance 1, petrification resistance
a: Evoke Invisibility


You were on level 8 of the Dungeon.
You visited 2 branches of the dungeon, and saw 9 of its levels.

You collected 430 gold pieces.

Inventory:

Hand Weapons
 c - a +4 whip
 g - a +0 club
 l - a +0 flail
 x - a +2 whip of draining (weapon)
Missiles
 f - a throwing net
 h - 131 stones
Armour
 a - a +0 robe
 e - a +0 tower shield
 i - a +1 pair of gloves (worn)
 j - a +0 ring mail
 m - a +2 cloak (worn)
 o - a +0 helmet (worn)
 r - the +3 leather armour "Gaxoaseg" (worn) {+Inv rC- Str+7 Int+4}
   (You found it on level 4 of the Dungeon)

   Str:       It affects your strength (+7).
   Int:       It affects your intelligence (+4).
   rC:        It makes you vulnerable to cold.
   +Inv:      It lets you turn invisible.
 u - a +0 chain mail
 v - +0 swamp dragon scales
Magical Staves
 b - a staff of earth
Jewellery
 q - a +6 ring of dexterity (left hand)
 B - an amulet of reflection (around neck)
Wands
 t - a wand of digging (3)
Scrolls
 y - a scroll of vulnerability {unknown}
 E - a scroll of teleportation
Potions
 d - a potion of curing
 k - 2 potions of attraction
 n - a potion of heal wounds
 p - 2 potions of lignification
 s - a potion of brilliance {unknown}
 w - a potion of degeneration {unknown}
 z - a potion of mutation {unknown}
 C - 2 potions of berserk rage


   Skills:
 + Level 1.0 Fighting
 + Level 2.0 Maces & Flails
 * Level 3.9 Armour
 + Level 2.3 Dodging
 - Level 2.1 Stealth
 + Level 0.2 Shields
 * Level 7.6 Spellcasting
 * Level 7.9 Conjurations
 * Level 8.1 Fire Magic


You had 11 spell levels left.
You knew the following spells:

 Your Spells              Type           Power      Damage    Failure   Level
a - Foxfire               Conj/Fire      100%       2x1d9     1%          1
b - Conjure Flame         Conj/Fire      45%        6-21      1%          3
c - Sticky Flame          Conj/Fire      45%        2d6       3%          4
d - Fireball              Conj/Fire      22%        3d10      9%          5

Your spell library contained the following spells:

 Spells                   Type           Power      Damage    Failure   Level
 Inner Flame              Hex/Fire       27%        N/A       4%          3
 Apportation              Tloc           16%        N/A       9%          1
 Corpse Rot               Necr/Air       N/A        N/A       13%         2
 Passwall                 Tmut/Erth      6%         N/A       13%         2
 Poisonous Vapours        Pois/Air       16%        N/A       13%         2
 Portal Projectile        Hex/Tloc       16%        N/A       26%         3
 Swiftness                Air            8%         N/A       26%         3
 Freezing Cloud           Conj/Ice/Air   10%        6-21      61%         5
 Alistair's Intoxication  Tmut/Pois      5%         N/A       93%         5
 Blade Hands              Tmut           4%         N/A       93%         5
 Excruciating Wounds      Necr           4%         N/A       93%         5
 Invisibility             Hex            4%         N/A       100%        6


Dungeon Overview and Level Annotations

Branches:
Dungeon (8/15)             Temple (1/1) D:6
   Lair: D:8-11

Altars:
Ashenzari
Cheibriados
Dithmenos
Elyvilon
Fedhas
Gozag
Hepliaklqana
Makhleb
Okawaru
Qazlal
Ru
Sif Muna
Trog
Uskayaw
Wu Jian
Xom
Yredelemnul
Zin

Shops:
D:3 *


Innate Abilities, Weirdness & Mutations

You are immune to sickness and miasma.
Your stone body is resilient. (AC +7)
You are immune to poison.
You resist negative energy. (rN+)
You are resistant to electric shocks. (rElec)
You are resistant to unholy torment.
You are immune to petrification.


Message History

The meliai burns!
The meliai calls upon its god to heal the meliai.
The meliai is healed somewhat.
You block the meliai's attack. The meliai misses you.
The meliai burns!
The meliai hits you with a +0 hand axe. The meliai closely misses you.
The meliai barely misses you.
The meliai stings you but does no damage.
The meliai burns!
The meliai hits you but does no damage. The meliai closely misses you.
You block the meliai's attack. The meliai barely misses you.
The meliai burns!
The meliai invokes the aid of its god against you.
Something smites you! The meliai hits you but does no damage.
The meliai closely misses you.
The meliai burns!
You kill the meliai!
The meliai mumbles some strange prayers to its god against you.
Something smites you!
The howler monkey hoots and howls with incredible vigour!
The meliai barely misses you.
The meliai stings you but does no damage.
You hear a croak.
You hear a howl!
You hear a shout! x2
The meliai misses you. The meliai closely misses you.
The meliai hits you but does no damage. The meliai closely misses you.
The meliai hits you with a +0 hand axe. The meliai closely misses you.
The meliai hits you but does no damage.
The meliai stings you but does no damage.
The meliai barely misses you. You block the meliai's attack.
The gnoll shaman calls upon its god to speed up the gnoll.
The gnoll seems to speed up.
The meliai mumbles some strange prayers to its god against you.
Something smites you!
The meliai invokes the aid of its god against you.
Something smites you!
* * * LOW HITPOINT WARNING * * *
The meliai closely misses you.
The meliai stings you but does no damage.
The meliai invokes the aid of its god against you.
Something smites you!
You die...

######...#####...
#.........# # #gg.#######
.. #...# ###. #...#
....###### ###...#####
#.......# #.).......#
#.#...#.###.y.......#
#.......#...@.......#
#.........#.........#
#.......#............#
#.#...#.##...........#
#....>..##...........
####.##.###..........
#.................
####.######.#####.########
#.# #.....# #........#


You could see a meliai, a gnoll shaman and a gnoll (fast).

Vanquished Creatures
  Maggie (D:7)
  2 meliai (D:8)
  An acid dragon (D:7)
  A water moccasin (D:8)
  A sky beast (D:7)
  3 orc warriors
  A black bear (D:5)
  2 necrophages
  An ogre (D:5)
  2 phantoms
  A centaur (D:6)
  2 bullfrogs
  3 scorpions
  A wyvern skeleton (D:4)
  2 water moccasin skeletons
  A howler monkey (D:8)
  A bullfrog zombie (D:6)
  A centaur zombie (D:5)
  3 hounds
  13 orc priests
  2 jellies (D:7)
  A bullfrog skeleton (D:5)
  A centaur skeleton (D:7)
  An iguana (D:4)
  10 orc wizards
  2 hound skeletons
  10 adders
  4 gnolls (D:3)
  3 ufetubi
  An adder skeleton (D:4)
  2 dart slugs
  30 orcs
  2 endoplasms (D:3)
  A giant cockroach (D:3)
  9 goblins
  8 hobgoblins
  2 quokkas
  2 ball pythons
  2 bats
  A frilled lizard (D:3)
  6 kobolds
  A rat (D:2)
144 creatures vanquished.

Vanquished Creatures (others)
  648 foxfires
  3 fungi (D:5)
  6 plants (D:4)
657 creatures vanquished.

Grand Total: 801 creatures vanquished

Notes
Turn   | Place    | Note
-------+----------+-------------------------------------------
     0 | D:1      | funkygono the Gargoyle Fire Elementalist began the quest
                  | for the Orb.
     0 | D:1      | Reached XP level 1. HP: 10/10 MP: 3/3
   481 | D:1      | Reached XP level 2. HP: 15/15 MP: 0/5
  1531 | D:2      | Found a white marble altar of Elyvilon.
  1562 | D:2      | Reached XP level 3. HP: 19/19 MP: 4/6
  1566 | D:2      | Learned a level 3 spell: Conjure Flame
  1892 | D:2      | Found a faded altar of an unknown god.
  2181 | D:3      | Reached skill level 4 in Fire Magic
  2278 | D:3      | Reached XP level 4. HP: 23/24 MP: 0/7
  2325 | D:3      | Found Zin's Purification Station.
  2458 | D:3      | Found a glowing silver altar of Zin.
  3111 | D:3      | Learned a level 4 spell: Sticky Flame
  3136 | D:4      | Reached XP level 5. HP: 28/28 MP: 4/10
  3233 | D:4      | Noticed a phantom
  3258 | D:4      | Killed a phantom
  3259 | D:4      | Reached XP level 6. HP: 29/32 MP: 0/11
  3481 | D:4      | Found a shadowy altar of Dithmenos.
  3797 | D:4      | Reached XP level 7. HP: 18/37 MP: 8/13
  3803 | D:4      | Learned a level 5 spell: Fireball
  4072 | D:4      | Identified the +3 leather armour "Gaxoaseg" {+Inv rC- Str+7
                  | Int+4}
  4115 | D:4      | Reached skill level 1 in Maces & Flails
  4115 | D:4      | Reached skill level 5 in Fire Magic
  4723 | D:5      | Entered Level 5 of the Dungeon
  5084 | D:5      | Reached skill level 5 in Spellcasting
  5374 | D:5      | Reached XP level 8. HP: 42/42 MP: 7/15
  5422 | D:5      | Reached skill level 5 in Conjurations
  5705 | D:5      | Reached skill level 6 in Fire Magic
  5829 | D:5      | Found a broken altar of Ashenzari.
  5832 | D:5      | Found a basalt altar of Yredelemnul.
  5835 | D:5      | Found a burning altar of Makhleb.
  5862 | D:5      | Found a snail-covered altar of Cheibriados.
  6244 | D:6      | Found a staircase to the Ecumenical Temple.
  6256 | Temple   | Entered the Ecumenical Temple
  6599 | D:6      | Reached skill level 1 in Armour
  7334 | D:7      | Noticed Maggie
  7338 | D:7      | Reached XP level 9. HP: 46/46 MP: 14/18
  7349 | D:7      | Killed Maggie
  7631 | D:7      | Reached skill level 7 in Fire Magic
  8254 | D:7      | Found a sacrificial altar of Ru.
  8354 | D:7      | Found a shimmering altar of Xom.
  8845 | D:8      | Noticed a meliai
  8856 | D:8      | Killed a meliai
  8857 | D:8      | Reached skill level 1 in Fighting
  9000 | D:8      | Found an ornate altar of the Wu Jian Council.
  9006 | D:8      | Reached skill level 8 in Fire Magic
  9006 | D:8      | Reached XP level 10. HP: 52/52 MP: 16/21
  9030 | D:8      | Killed from afar by a meliai

Illustrated notes

Levels and vault maps discovered:
D:1:      dpeg_arrival_rhombus, layout_loops_corners
D:2:      layout_basic, basic_ecumenical_altar, basic_altar
D:3:      layout_rooms, zin_purify
D:4:      layout_loops_ring, nicolae_dithmenos_through_a_glass_darkly,
          guppyfry_early_lair_pool
D:5:      layout_rooms, mainiacjoe_overflow_six_doors_small,
          grunt_temple_overflow_diamond, serial_aquarium,
          aquarium_bridge_straight [aquarium_subvault_bridge,
          aquarium_subvault_wall, aquarium_subvault_bridge,
          aquarium_subvault_balcony], aquarium_window_1, aquarium_window_fake,
          aquarium_window_corridor_1, aquarium_window_corner, aquarium_view_4,
          aquarium_pool_side, kennysheep_nondescript, st_stairs_5
D:6:      layout_basic, minmay_temple_entry_arrows, dk_noncrumbling_3
D:7:      layout_basic, amcnicky_altar_gilded, mainiacjoe_overflow_alcove_2,
          uniq_maggie
D:8:      layout_loops_cross, vehumet_statue, mainiacjoe_overflow_brackets,
          gammafunk_ghost_spectres, lightli_church_of_beogh
Temple:   compressed_dpeg_triangle_lava_temple

Skill      XL: |  1  2  3  4  5  6  7  8  9 |
---------------+----------------------------+-----
Fire Magic     | 4 5 6 8 |  8.1
Spellcasting   | 3 4 5 6 7 |  7.6
Conjurations   | 2 3 4 6 7 |  7.9
Dodging        | 2 |  2.3
Maces & Flails | 1 2 |  2.0
Armour         | 1 3 |  3.9
Fighting       | 1 |  1.0
Stealth        | |  2.1
Shields        | |  0.2

Action                   |  1- 3 |  4- 6 |  7- 9 | 10-12 || total
-------------------------+-------+-------+-------+-------++-------
Melee: Club              |    11 |       |       |       ||    11
       Whip              |       |    15 |    62 |       ||    77
 Cast: Foxfire           |    54 |    74 |   247 |     5 ||   380
       Conjure Flame     |       |       |     2 |       ||     2
       Sticky Flame      |       |       |    10 |     1 ||    11
  Use: Scroll            |     4 |     2 |    11 |       ||    17
       Potion            |       |     1 |     1 |       ||     2
Armor: Robe              |    11 |    11 |     5 |       ||    27
       Leather armour    |       |       |    81 |    11 ||    92
Dodge: Dodged            |    29 |    26 |    70 |    13 ||   138
Block: Other             |       |       |    11 |     3 ||    14
